[Event "CCT Airthings Masters Play-In 2023"]
[Site "Online"]
[Date "2023.02.03"]
[Round "4"]
[White "Antipov_Mikhail_Al"]
[Black "Murzin, Volodar"]
[Result "1/2-1/2"]
[ECO "B13"]
[WhiteElo "2572"]
[BlackElo "2547"]
[Annotator "TA"]
[PlyCount "140"]
[EventDate "2023.02.03"]
[EventType "swiss"]
[EventCountry "NET"]
[SourceTitle "playchess.com"]
[Source "ChessBase"]
[SourceQuality "1"]
[TimeControl "600+2"]

1. e4 c6 2. d4 d5 3. exd5 cxd5 4. Bd3 Nc6 5. c3 g6 6. Nf3 Bf5 {[%emt 0:00:01] B13: Caro-Kann: Exchange Variation and Panov-Botvinnik Attack.} 7. Be2 Bg7 8. O-O Nf6 9. Re1 O-O 10. h3 Re8 11. Be3 {[%emt 0:00:01] [#]} Ne4 $146 ({Predecessor:} 11... Qb8 12. Nbd2 b5 13. a4 b4 14. c4 e5 15. Rc1 exd4 16. Nxd4 Nxd4 17. Bxd4 Qf4 {0-1 Antipov,M (2607)-Kosteniuk,A (2518) Titled Tuesday intern op 23rd Nov blitz 2021 (10)}) 12. Nbd2 Qc7 13. g4 Nxd2 14. Qxd2 Be4 15. Bf4 (15. Ng5 $14 {was preferrable.}) 15... e5 $11 16. Bg3 Bxf3 (16... f5 $11 {remains equal.}) 17. Bxf3 $16 Rad8 18. Bg2 (18. Rad1 $16) 18... Qb6 $14 19. dxe5 Bxe5 20. Bxe5 (20. Bh4 {feels hotter.} f6 21. Bxd5+ Kg7 22. c4) 20... Nxe5 21. Rad1 Nc4 22. Rxe8+ Rxe8 23. Qxd5 (23. Qf4 $16) 23... Nxb2 24. Rb1 (24. Qd7 $5 Re2 25. Qd8+ Kg7 26. Qxb6 axb6 27. Rd7 $14) 24... Re2 25. Qf3 (25. Qxb7 Qxf2+ 26. Kh1 Nd3 $17) 25... Rd2 26. g5 (26. Qxb7 $2 Qxf2+ 27. Kh1 Nd1 $17) 26... Qc5 27. Qf6 (27. Qxb7 Nd3 28. Qb8+ (28. Qd5 $2 Qxf2+ 29. Kh1 h5 $19) 28... Kg7 $19) 27... Rd6 28. Qf4 Nd3 29. Qg3 b6 30. a4 Qe5 31. Qxe5 Nxe5 $11 {[%emt 0:00:02][%cal Bd3e5,Be5c4,Bc4e3][%mdl 4128] Endgame KRB-KRN} 32. Re1 Re6 {[%emt 0:00:08][%cal Oe5f3] Hoping for ...Nf3+!} (32... Nd3 $5 33. Rd1 Rd7 $11) 33. Rd1 Kf8 34. f4 {[%emt 0:01:51][%cal Og2d5] And now Bd5! would win.} Nc4 35. Rd8+ Re8 36. Rd4 Ne3 37. Be4 Rc8 (37... Nd1 $15) 38. Rd3 Nf5 39. Bd5 Rd8 40. Kf2 Ne7 41. c4 Nxd5 42. cxd5 {[%emt 0:00:01] KR-KR} Ke7 43. Ke3 Rc8 {[%emt 0:00:07] aiming for ...Rc4.} 44. a5 $2 b5 $1 $17 (44... bxa5 45. d6+ Kd7 46. Rd5 $15) 45. d6+ Kd7 46. a6 $2 (46. h4 {was worth a try.}) 46... b4 $19 47. Rd4 {[%emt 0:00:04] [#]} Rb8 (47... b3 48. Rb4 $11) 48. Kd2 Rb6 (48... b3 49. Kc1 $15) 49. Kc2 {[%emt 0:00:02] [#]} b3+ ({Inferior is} 49... Rxa6 50. Rxb4 Kxd6 51. Rd4+ Kc6 52. f5 $17) (49... Rc6+ $1 $19 50. Kb3 Rxa6 51. Kxb4 Rxd6) 50. Kb2 $15 Rxd6 51. Rb4 (51. Rxd6+ Kxd6 52. Kxb3 Kc5 $19) (51. Ra4 $1 $15) 51... Rxa6 $19 52. Rb7+ Ke6 53. h4 (53. Rb5 $142 Ra4 54. Re5+ Kd6 55. Kxb3 Rxf4 56. Re3) 53... Ra4 54. f5+ gxf5 ({Weaker is} 54... Kxf5 55. Rxf7+ Ke6 56. Rxh7 $11) 55. h5 Rg4 56. Kxb3 Rxg5 57. h6 Rg6 58. Rxa7 Kf6 (58... Rxh6 59. Ra6+ Ke5 60. Rxh6 $18) 59. Kc4 Rxh6 60. Kd3 Rh4 61. Ke3 Rg4 62. Kf3 h5 63. Ra8 Kg7 64. Ra5 Kg6 65. Ra8 h4 66. Rg8+ Kf6 67. Ra8 h3 $2 (67... Kg7 $19 68. Ra5 Rg5) 68. Rh8 $11 {[%emt 0:00:01] The position is equal.} Ra4 69. Rxh3 Ra3+ 70. Kf4 Rxh3 {[%emt 0:00:00] Weighted Error Value: White=0.54/Black=0.17 (very precise)} 1/2-1/2

[Event "CCT Airthings Masters Play-In 2023"]
[Site "Online"]
[Date "2023.02.03"]
[Round "4"]
[White "igorkovalenko"]
[Black "Radjabov, Teimour"]
[Result "1-0"]
[ECO "A29"]
[WhiteElo "2564"]
[BlackElo "2747"]
[Annotator "TA"]
[PlyCount "93"]
[EventDate "2023.02.03"]
[EventType "swiss"]
[EventCountry "NET"]
[SourceTitle "playchess.com"]
[Source "ChessBase"]
[SourceQuality "1"]
[TimeControl "600+2"]

1. c4 Nf6 2. Nc3 e5 3. Nf3 Nc6 4. g3 d5 5. cxd5 Nxd5 6. Bg2 Bc5 {[%emt 0:00:01] A29: English Opening: Four Knights Variation with 4 g3.} 7. O-O O-O 8. d3 Re8 {[%emt 0:00:22] The position is equal.} 9. Bg5 {[%emt 0:00:12] 9.Ng5 is not played anymore.} Nxc3 10. bxc3 Qd6 {[%emt 0:00:03] [#]} 11. Nd2 $146 ({Predecessor:} 11. Rb1 h6 12. Bc1 Be6 13. Nd2 Bb6 14. Qa4 Rad8 15. Ne4 Qe7 16. Ba3 Qd7 17. Rfd1 {½-½ Belchev,B (2210)-Baranowski,T (2379) VW-Cup9 sf06 email 2018}) 11... Qg6 12. Ne4 Bb6 13. Bc1 Bg4 14. Kh1 Rad8 15. f3 Bc8 16. Qb3 Be6 17. Qc2 h6 18. a4 f5 19. Nf2 a5 20. Rb1 Ne7 21. e4 Nc6 22. Ba3 Rd7 23. Rbd1 (23. exf5 $11 {keeps the balance.} Bxf5 24. Ne4) 23... Red8 (23... Qf7 $1 $17 {aiming for ...Bb3.} 24. Rb1 Red8 25. Rxb6 cxb6) 24. exf5 $11 Qxf5 (24... Bxf5 {feels hotter.} 25. Ne4 Ne7 26. Bxe7 Rxe7 27. f4 exf4 28. Rxf4 Rf8) 25. Ne4 Qf7 26. c4 (26. Qe2 $1 $11 {remains equal.}) 26... Nd4 27. Qb2 (27. Qb1 $15 {feels stronger.}) 27... Nf5 $1 $17 28. c5 (28. Qxe5 $2 Bxc4 29. Bh3 Rxd3 30. Rxd3 Rxd3 31. Qxf5 Qxf5 32. Bxf5 Rxa3 $19) 28... Ba7 {[%emt 0:00:03] ...Ne3 would be deadly.} 29. Qxb7 $2 (29. Qxe5 $15 Bb3 30. Rd2) 29... Bd5 $2 (29... Ne3 $1 $19 30. Qxa7 Nxd1) 30. Qa6 (30. Qxa7 Ra8 31. c6 Rxa7 $17) 30... c6 (30... Ra8 $1 $17 {Hoping for ...Bxe4.} 31. Qb5 (31. Qxa5 Ne3 $17) 31... Ne3) 31. Rde1 $36 {[%emt 0:00:16][%mdl 2048] Black is under pressure.} (31. Qxa5 Ne3 32. Nd6 Qf6 $15) 31... Qg6 (31... Nd4 $14) 32. Qxa5 Rb8 (32... Bb8 $142) 33. Qc3 (33. Rb1 $142) 33... Rb3 $16 34. Qc1 (34. Qxe5 $2 Rxa3 35. Bh3 Rf7 $19) 34... Rxd3 35. Bb2 $1 Nd4 36. a5 Nb3 37. Qb1 Nxc5 {[%emt 0:00:13] [#]} 38. Nxc5 ({Don't take} 38. Bxe5 Rb3 39. Qc2 Nd3 $14) (38. Nf2 $1 $16) 38... Bxc5 $14 39. Bxe5 Rf7 40. a6 Rdxf3 (40... Kh7 $16) 41. Rxf3 $18 (41. Qxg6 $2 {leads to mate.} Rxf1+ 42. Rxf1 Rxf1#) 41... Qxb1 42. Rxb1 Rxf3 43. h4 Ra3 ({Black should try} 43... Re3 $1 $14 44. Bxd5+ cxd5) 44. Bxd5+ cxd5 {[%emt 0:00:01] [#]} 45. Rb7 $2 (45. Ra1 $1 $18 {[%cal Ra1a3] Threatens to win with Rxa3.} Rxa1+ 46. Bxa1) 45... g5 $2 (45... Rxa6 $14 46. Rxg7+ Kf8) 46. Rg7+ Kf8 47. Rc7 {[%emt 0:00:00] Weighted Error Value: White=0.22 (precise) /Black=0.40} ({And not} 47. hxg5 Rxa6 48. Rc7 Be3 $11) 1-0

[Event "CCT Airthings Masters Play-In 2023"]
[Site "Online"]
[Date "2023.02.03"]
[Round "4"]
[White "Indianlad"]
[Black "GMSrinath"]
[Result "0-1"]
[ECO "B11"]
[WhiteElo "2562"]
[BlackElo "2733"]
[Annotator "TA"]
[PlyCount "64"]
[EventDate "2023.02.03"]
[EventType "swiss"]
[EventCountry "NET"]
[SourceTitle "playchess.com"]
[Source "ChessBase"]
[SourceQuality "1"]
[TimeControl "600+2"]

1. e4 c6 2. Nc3 d5 3. Qe2 g6 4. exd5 cxd5 5. Qb5+ Nc6 6. Qxd5 {[%emt 0:00:02] [#] B11: Caro-Kann: Two Knights Variation.} Bf5 $146 ({Predecessor:} 6... Bd7 7. Bc4 e6 8. Qf3 Ne5 9. Qe2 Nxc4 10. Qxc4 Bc6 11. Nf3 Bg7 12. Qe2 Ne7 {½-½ Pridorozhni,A (2512)-Kamsky,G (2741) Wch Blitz 7th 2013 (9)}) 7. Bb5 Qb6 8. d3 {[%emt 0:00:50] White is better.} ({Much weaker is} 8. Bc4 $6 e6 9. Qb5 Qxb5 10. Nxb5 Nb4 $11) 8... Nf6 9. Qf3 Bg7 10. Nge2 O-O 11. Bxc6 bxc6 12. O-O Rfd8 13. Rb1 Nd5 {[%emt 0:00:07] [#] And now ...Nxc3 would win.} 14. Be3 Qa5 15. Bd2 Nb4 16. Ne4 {[%emt 0:01:03] Threatens to win with a3.} Qb6 17. Bxb4 Qxb4 18. b3 (18. N4c3 $1 $14) 18... Bxe4 $1 $15 19. dxe4 Rd2 20. Rbc1 Qa3 21. e5 Bxe5 22. Qxc6 {[%emt 0:00:07] White is weak on the dark squares} Rad8 23. Qe4 Bf6 24. Nf4 R8d4 (24... R2d4 $5 25. Qe3 Bg5 $15) 25. Qf3 Qxa2 26. Ra1 $2 {[%emt 0:00:01] This move loses the game for White.} (26. c3 $15 Rd7 27. c4) 26... Qxc2 $19 {[%emt 0:00:17][%cal Od4f4] Hoping for ...Rxf4!} 27. Rxa7 $2 {[%emt 0:00:01] [#]} (27. g3) 27... Rd1 $1 28. Ra8+ Kg7 {[%emt 0:00:02] ( -> ...Rxf1+)} 29. g3 e5 (29... Qb1 $142 30. Rxd1 Rxd1+ 31. Kg2 Rg1+ 32. Kh3 Qf1+ 33. Ng2 Rh1) 30. Nh3 (30. Ne6+ $19 fxe6 31. Ra7+ Rd7 32. Qxd1 Qxd1 33. Rxd1 Rxa7 34. Re1) 30... e4 {[%emt 0:00:20] Black mates.} 31. Qe3 R4d3 {[%emt 0:00:20] Active counter play!} 32. Qf4 Qe2 {[%emt 0:00:03] Weighted Error Value: White=0.81/Black=0.28 (precise)} 0-1

[Event "CCT Airthings Masters Play-In 2023"]
[Site "Online"]
[Date "2023.02.03"]
[Round "4"]
[White "daro94"]
[Black "Iniyan, P."]
[Result "0-1"]
[ECO "B52"]
[WhiteElo "2562"]
[BlackElo "2514"]
[Annotator "NA"]
[PlyCount "78"]
[EventDate "2023.02.03"]
[EventType "swiss"]
[EventCountry "NET"]
[SourceTitle "playchess.com"]
[Source "ChessBase"]
[SourceQuality "1"]
[TimeControl "600+2"]

1. e4 c5 2. Nf3 d6 3. Bb5+ Bd7 4. Bxd7+ Qxd7 5. O-O Nf6 6. Qe2 Nc6 7. c3 e6 8. d4 cxd4 9. cxd4 d5 10. e5 Ne4 11. Nbd2 Nxd2 12. Bxd2 Be7 13. Rfc1 O-O 14. Rc3 Rfc8 15. h4 Bd8 16. h5 Ne7 17. h6 g6 18. Rb3 Rc4 19. Rd3 Rc2 20. Qd1 Rxb2 21. Bc1 Rb6 22. Bg5 Rc8 23. Qd2 Qa4 24. Rc1 Rxc1+ 25. Qxc1 Qxa2 26. Qf4 Nf5 27. Bxd8 Qb1+ 28. Kh2 Qxd3 29. Bxb6 axb6 30. Qg5 Qa3 31. g4 Nxh6 32. Kg3 Qf8 33. Qf6 b5 34. Nd2 b4 35. f3 Qc8 36. Nb3 Kf8 37. Qh8+ Ng8 38. Qxh7 b6 39. Qh1 Qc2 0-1

[Event "CCT Airthings Masters Play-In 2023"]
[Site "Online"]
[Date "2023.02.03"]
[Round "4"]
[White "shimastream"]
[Black "GasconJR"]
[Result "0-1"]
[ECO "B53"]
[WhiteElo "2545"]
[BlackElo "2377"]
[Annotator "TA"]
[PlyCount "108"]
[EventDate "2023.02.03"]
[EventType "swiss"]
[EventCountry "NET"]
[SourceTitle "playchess.com"]
[Source "ChessBase"]
[SourceQuality "1"]
[TimeControl "600+2"]

1. e4 c5 2. Nf3 d6 3. d4 cxd4 4. Qxd4 Nc6 5. Bb5 a6 6. Bxc6+ {[%emt 0:00:02] B53: Sicilian: 2...d6: Lines with Qxd4.} bxc6 {[%emt 0:00:00] Black is weak on the dark squares} 7. O-O e5 8. Qa4 {[%emt 0:00:01] The position is equal. outshines the older 8.Qd3.} Bd7 9. c4 c5 10. Qc2 Ne7 11. Nc3 Nc6 12. Nd5 {[%emt 0:00:03] [#]} Be7 $146 ({Predecessor:} 12... Nd4 13. Nxd4 cxd4 14. Qd3 Be6 15. f4 Bxd5 16. exd5 Be7 17. fxe5 dxe5 18. Qf5 f6 {1-0 Bagatsch,T (1984)-Reichel,R (1619) Frankfurt-chA 2012 (4)}) 13. Bd2 O-O 14. b4 cxb4 15. Nxb4 (15. a3 $11) 15... Nxb4 $15 16. Bxb4 Bg4 17. Nd2 Qc7 18. Qd3 Rfc8 19. Rac1 Rab8 20. Ba3 Rb6 21. Rc2 Rc6 22. f3 Be6 23. Rd1 Bg5 (23... Bxc4 24. Nxc4 Rxc4 25. Rxc4 Qxc4 26. Qxc4 Rxc4 27. Bxd6 $11) 24. Kh1 h5 (24... Bxc4 25. Nxc4 Rxc4 26. Bxd6 $14) 25. h3 h4 {[%emt 0:00:07] Black is more active.} (25... Bxc4 26. Nxc4 Rxc4 27. Bxd6 $14) 26. Bb4 a5 (26... Bxc4 $6 27. Nxc4 Rxc4 28. Bxd6 Rxc2 29. Bxc7 R2xc7 30. Kg1 $11 (30. Qxa6 $2 Rc1 $19)) 27. Ba3 g6 (27... Bxc4 $6 28. Nxc4 Rxc4 29. Bxd6 Rxc2 30. Bxc7 R2xc7 31. Rg1 $11) 28. Rb1 Bf4 (28... Bxc4 29. Nxc4 Bf4 30. Nxd6 (30. Bxd6 Rxd6 31. Nxd6 Qxc2 $17) (30. g3 hxg3 31. Rbb2 Rxc4 $17) 30... Rxc2 31. Nxc8 Qxc8 32. Rb8 Qxb8 33. Qxc2 $15) 29. Rd1 (29. Qf1 $17 {was worth a try.}) 29... Bxc4 $19 30. Nxc4 Rxc4 31. Bxd6 (31. Rxc4 $142 Qxc4 32. Qxc4 Rxc4 33. Bxd6) 31... Qc6 $2 (31... Rxc2 $19 {and Black stays clearly on top.} 32. Bxc7 R8xc7 33. Qd8+ Kg7 34. Qxh4 Rxa2) 32. Rxc4 $17 Qxc4 33. Qd5 {[%emt 0:00:02] [#]} (33. Qxc4 $142 Rxc4 34. Be7) 33... Qe2 (33... Qc2 $142 $1 {aiming for ...Rd8.} 34. Rg1 Rd8) 34. Rg1 Rd8 35. Qc5 {[%emt 0:01:05] [#] Dodges Qf2} Rxd6 36. Qxd6 {[%emt 0:00:03][%mdl 4096] Endgame KQR-KQB} Qf2 $1 37. Rd1 $2 (37. Rb1 $1 $11 Qg3 38. Kg1 Qh2+ 39. Kf2 Bg3+ {[%mdl 64] Deflection} 40. Ke3) 37... Qg3 $19 38. Kg1 Be3+ $40 {[%emt 0:00:01][%mdl 128] Black is up to no good.} (38... Qh2+ $19 39. Kf2 (39. Kf1 $2 Qh1+ 40. Kf2 Bg3+ {[%mdl 64] Deflection} 41. Ke3 Qxg2 $19) 39... Bg3+ {[%mdl 64] Deflection} 40. Ke3 Qxg2) 39. Kh1 $11 {[%emt 0:00:01] And now Qf6 would win.} Bf4 $2 (39... Kg7 $11 40. f4 Bxf4) 40. Kg1 $1 $19 {[%emt 0:00:00] Strongly threatening Qb6.} Qh2+ 41. Kf2 (41. Kf1 Qh1+ 42. Kf2 Bg3+ 43. Ke3 Bf4+ 44. Kf2 Bg3+ 45. Ke3 Qxg2 $19) 41... Bg3+ {[%emt 0:00:12][%mdl 64] Deflection} 42. Ke3 {[%emt 0:00:01] Qb8+ would be deadly.} Qxg2 43. Qd8+ (43. Kd3 $142) 43... Kg7 44. Kd3 Qxf3+ 45. Kc4 Qxe4+ 46. Kb5 Qb4+ 47. Ka6 Bf2 $2 (47... Qc4+ 48. Kxa5 Be1+ {[%mdl 64] Decoy} 49. Rxe1 Qc3+ 50. Ka4 Qxe1) 48. Rd6 (48. Rc1 $142 Qe4 49. Rc8 Qe2+ 50. Kxa5 Qxa2+ 51. Kb4 Qb2+ 52. Ka5 Qa2+ 53. Kb5 Qb3+ 54. Ka5 Be1+ 55. Ka6 Qe6+ 56. Kb5) 48... Qf4 {[%emt 0:00:05] ...e4 is the strong threat.} 49. Qxa5 e4 $2 ({Better is} 49... g5 $19 {Hoping for ...g4.} 50. Qc3 Bd4) 50. Qd5 $2 (50. Qc3+ $11 f6 51. Qc7+ Kh6 52. Qe7) 50... e3 {[%emt 0:00:02][%cal Be4e3,Be3e2][%mdl 32] ( -> ...e2)} ({Stronger than} 50... Qe3 51. Kb5 $17) 51. Rd8 e2 {[%emt 0:00:03] Black mates.} 52. Qa8 Qc4+ 53. Ka5 Qxa2+ 54. Kb5 Qxa8 {[%emt 0:00:00] Excellently played by GasconJR!   Weighted Error Value: White=0.58/Black=0.28 (precise)} ({Inferior is} 54... e1=Q 55. Qxa2 (55. Rg8+ $2 Kh6 $19) 55... Qf1+ 56. Kc6 $15) 0-1

[Event "CCT Airthings Masters Play-In 2023"]
[Site "Online"]
[Date "2023.02.03"]
[Round "4"]
[White "gmjlh"]
[Black "Parhamov"]
[Result "0-1"]
[ECO "E11"]
[WhiteElo "2544"]
[BlackElo "2645"]
[Annotator "TA"]
[PlyCount "88"]
[EventDate "2023.02.03"]
[EventType "swiss"]
[EventCountry "NET"]
[SourceTitle "playchess.com"]
[Source "ChessBase"]
[SourceQuality "1"]
[TimeControl "600+2"]

1. d4 Nf6 2. c4 e6 3. Nf3 Bb4+ 4. Bd2 a5 5. g3 O-O 6. Bg2 d5 7. a3 Be7 8. Qc2 c6 9. O-O Nbd7 10. b3 {[%emt 0:00:45] E11: Bogo-Indian.} b6 11. Bg5 Ba6 12. Nbd2 {[%emt 0:00:02] The position is equal.} Rc8 {[%emt 0:00:02] [#]} 13. Rfd1 $146 (13. e4 $5 ) ({Predecessor:} 13. Rfe1 c5 14. cxd5 Nxd5 15. Bxe7 Qxe7 16. Qb2 cxd4 17. Nxd4 Qf6 18. Ne4 Qe5 19. Rad1 {0-1 Arunnuntapanich,T (2064)-Jumabayev,R (2654) Asia Nations online Cup rapid 2020 (9.4)}) 13... c5 14. dxc5 Bxc5 15. Qb2 h6 16. Bxf6 Qxf6 17. Qxf6 (17. Qb1 {looks sharper.} Ne5 18. b4 Nxf3+ 19. Nxf3 Be7 20. b5) 17... Nxf6 (17... gxf6 18. b4 Bd6 19. cxd5 Bxe2 20. dxe6 $14 (20. Re1 Bxf3 21. Nxf3 exd5 $14)) 18. b4 Be7 (18... axb4 19. axb4 Bxc4 20. Nxc4 (20. bxc5 Bxe2 21. Rdb1 bxc5 $11) 20... Bxf2+ 21. Kxf2 $16) 19. b5 Bb7 20. Ne5 Bd6 21. Nd3 Rc7 22. cxd5 Nxd5 ({But not} 22... Bxd5 23. e4 $16) 23. a4 Nc3 24. Re1 Bxg2 25. Kxg2 e5 26. Nb2 Rfc8 {[%emt 0:00:04] Black has more active pieces. White is weak on the dark squares} 27. e3 e4 28. Rac1 $2 (28. g4 $17) 28... Ba3 $19 29. Rc2 Bxb2 {[%emt 0:00:02][%mdl 64] [#] Remove Defender} 30. Rxb2 Nxa4 31. Rb3 f5 {[%emt 0:00:03][%cal Bf7f5,Bf5g4][%mdl 32] ...Rc2 is the strong threat.} 32. g4 $2 (32. Ra1 {was worth a try.} Nc3 33. h3) 32... Nc5 (32... fxg4 $2 {is the wrong capture.} 33. Nxe4 Re8 34. Nd6 $19) 33. Ra3 fxg4 34. Rb1 Rd8 35. Nc4 Nd7 36. Ra4 Nc5 $2 ({Black should try} 36... Rf8 $19 {Hoping for ...Nc5.} 37. Rd1 Rf6) 37. Ra2 $2 (37. Ra3 $1 $11 {and White has nothing to worry.}) 37... Rb7 38. Rc2 Rd5 39. Kg3 h5 40. Kh4 Kh7 41. Na3 $2 (41. Nd2) 41... Rf7 {[%emt 0:00:04] [#] ( -> ...Rf3)} 42. Kg3 Nd3 43. Nc4 Rc5 44. Nd6 Rf3+ {[%emt 0:00:01] Weighted Error Value: White=0.81/Black=0.24 (precise)} 0-1

[Event "CCT Airthings Masters Play-In 2023"]
[Site "Online"]
[Date "2023.02.03"]
[Round "4"]
[White "Sanan_Sjugirov"]
[Black "Fighterman91"]
[Result "1-0"]
[ECO "B30"]
[WhiteElo "2535"]
[BlackElo "2372"]
[Annotator "NA"]
[PlyCount "65"]
[EventDate "2023.02.03"]
[EventType "swiss"]
[EventCountry "NET"]
[SourceTitle "playchess.com"]
[Source "ChessBase"]
[SourceQuality "1"]
[TimeControl "600+2"]

1. e4 c5 2. Nf3 Nc6 3. Bb5 e6 4. c4 Nge7 5. Nc3 Nd4 6. Nxd4 cxd4 7. Ne2 Nc6 8. O-O Bc5 9. d3 O-O 10. Ng3 d6 11. a3 a6 12. Ba4 Bd7 13. f4 Rb8 14. b4 Ba7 15. Bxc6 bxc6 16. f5 exf5 17. exf5 f6 18. Bf4 d5 19. Bxb8 Bxb8 20. c5 Re8 21. Qg4 Re3 22. Qxd4 Qe7 23. Rad1 Be8 24. Kf2 Re5 25. Qg4 g5 26. Rfe1 h5 27. Nxh5 Bxh5 28. Qxh5 Rxf5+ 29. Kg1 Re5 30. Qg6+ Kf8 31. Rf1 Re6 32. Qxg5 Qf7 33. Qh4 1-0

[Event "CCT Airthings Masters Play-In 2023"]
[Site "Online"]
[Date "2023.02.03"]
[Round "4"]
[White "aquarium76"]
[Black "Sadhwani, Raunak"]
[Result "1-0"]
[ECO "A21"]
[WhiteElo "2535"]
[BlackElo "2627"]
[Annotator "NA"]
[PlyCount "47"]
[EventDate "2023.02.03"]
[EventType "swiss"]
[EventCountry "NET"]
[SourceTitle "playchess.com"]
[Source "ChessBase"]
[SourceQuality "1"]
[TimeControl "600+2"]

1. c4 e5 2. Nc3 d6 3. e3 f5 4. d4 Nf6 5. Be2 Be7 6. Nh3 O-O 7. b3 c6 8. O-O Na6 9. f3 Qc7 10. Nf2 Be6 11. Bb2 Kh8 12. Kh1 Rad8 13. Qd2 Nh5 14. g4 fxg4 15. fxg4 exd4 16. exd4 Nf4 17. d5 Bg8 18. Nfe4 Nxe2 19. Nxe2 Bh4 20. N2g3 cxd5 21. Nh5 dxe4 22. Qh6 Rxf1+ 23. Rxf1 Rd7 24. Nf4 1-0

[Event "CCT Airthings Masters Play-In 2023"]
[Site "Online"]
[Date "2023.02.03"]
[Round "4"]
[White "dropstoneDP"]
[Black "sergoy"]
[Result "1/2-1/2"]
[ECO "B55"]
[WhiteElo "2533"]
[BlackElo "2398"]
[Annotator "TA"]
[PlyCount "148"]
[EventDate "2023.02.03"]
[EventType "swiss"]
[EventCountry "NET"]
[SourceTitle "playchess.com"]
[Source "ChessBase"]
[SourceQuality "1"]
[TimeControl "600+2"]

1. e4 c5 2. Nf3 d6 3. d4 cxd4 4. Nxd4 Nf6 5. Bd3 Nc6 6. Nxc6 bxc6 7. O-O g6 {[%emt 0:00:03] B55: Sicilian: 2...d6 3 d4 cxd4 4 Nxd4 Nf6 5 f3.} 8. b3 $1 {[%emt 0:00:00] 8.b3 scores better than 8.c4.} Bg7 9. Bb2 O-O 10. Nd2 a5 11. a4 d5 {[%emt 0:00:06] [#]} (11... Nh5 $5 12. Bxg7 Kxg7 $11) 12. Qc1 $146 ({Predecessor:} 12. Qe2 e5 13. Bxe5 Re8 14. Bxf6 Qxf6 15. Rad1 h5 16. Qf3 Qxf3 17. gxf3 Bh6 18. Rfe1 {½-½ Radulov,I-Bobotsov,M BUL-ch16 Sofia 1962 (9)}) 12... Re8 13. Re1 Qb6 14. exd5 cxd5 15. Bb5 {[%emt 0:00:02] Wards off Ba6} Ng4 16. Re2 ({Much worse is} 16. Bxe8 Bxb2 17. Qxb2 Qxf2+ 18. Kh1 Qxd2 $11) 16... Ba6 17. Bxg7 {[%emt 0:00:05] Bb2 would be deadly.} (17. c4 $5 ) 17... Bxb5 18. axb5 Kxg7 ({Better is} 18... Qxb5 $11 19. c4 Qb8) 19. Qb2+ f6 20. Rae1 e5 $40 {[%emt 0:00:01][%cal Oe5e4][%mdl 128] Black is up to no good.} 21. h3 Nh6 22. c4 Nf5 23. cxd5 (23. Rc1 $11 {keeps the balance.}) 23... Qxb5 $17 24. Nf3 Qxd5 25. Rd2 Qc6 26. Rc1 Qb7 27. Qa3 Re7 28. Rcd1 Qb4 (28... h5 $17 29. Qa4 Rb8 30. Qxa5 Qxb3) 29. Qa2 (29. Qxb4 $15 axb4 30. g4) 29... Rb8 30. Rd7 Rb7 31. R7d5 Qxb3 32. Qxb3 Rxb3 33. Rxa5 h5 34. Rad5 g5 35. Nd2 Rb4 36. Nf1 Kg6 37. Rd8 Rd4 38. g4 hxg4 39. R1xd4 {[%emt 0:00:01][%mdl 64] [#] Remove Defender} exd4 40. hxg4 {[%emt 0:00:01][%mdl 4096] Endgame KRN-KRN} Nh4 {[%emt 0:00:00] ...Re1 is the strong threat.} 41. Ng3 Re1+ 42. Kh2 Rd1 43. Rd6 {[%emt 0:00:59] [#]} (43. Ne4 $142) 43... Nf3+ (43... Rd2 $1 $17 44. Ne4 Re2 45. Rxf6+ Kg7) 44. Kh3 d3 ({Black should try} 44... Ne5 $17 45. Ne4 Rd3+ 46. Ng3 Rf3 47. Rxd4 Rxf2) 45. Ne4 $11 {[%emt 0:00:02] The position is equal.} d2 46. Rxf6+ (46. Nxf6 $2 {loses.} Rh1+ 47. Kg2 d1=Q $19) 46... Kg7 {[%emt 0:00:01] ( -> ...Rh1+)} 47. Rd6 $1 Rh1+ 48. Kg2 $1 d1=Q 49. Rxd1 Rxd1 50. Kxf3 {[%emt 0:00:01] KR-KN} Kg6 51. Ke2 Rd8 52. f3 Ra8 53. Ke3 Ra5 54. Kf2 Kf7 55. Kg3 Ke6 56. Nd2 Kd5 57. Kf2 Ra2 58. Ke3 Ra3+ 59. Kf2 Kd4 {[%emt 0:00:01] And now ...Ra2 would win.} 60. Ne4 Ra5 61. Nd6 Kd5 62. Ne4 Kd4 63. Kg3 Rd5 64. Nf6 Ra5 65. Ne4 Rd5 66. Nd2 Ke3 67. Ne4 Ra5 68. Nd6 {[%emt 0:00:02] aiming for Nc4+.} Kd3 {[%emt 0:00:03] Inhibits Nc4.} 69. Kg2 Ra2+ 70. Kg3 Ra1 71. Kf2 Ra2+ 72. Kg3 Ra1 73. Ne4 Ra5 74. Kf2 Kd4 {[%emt 0:00:01] Weighted Error Value: White=0.13 (very precise) /Black=0.09 (flawless)} 1/2-1/2